Sasquatch vs Demolitions
(R2)
Created - March 10, 2019 at 19:13
Goals
|
| Sasquatch |
0 |
1 |
0 |
1 |
| Demolitions |
0 |
1 |
2 |
3 |
|
Shots
|
| Sasquatch |
12 |
16 |
8 |
36 |
| Demolitions |
6 |
5 |
9 |
20 |
|
1st period
No Goal
Penalties :
Corban Knight (Vic) for Holding (Minor) at 4:02, Sergey Kalinin (Gat) for Hooking (Minor) at 10:07
2nd period
1. Demolitions , Spencer Machacek 41 (Cameron Schilling 33, Lane MacDermid 22) at 13:01 (PP)
2. Sasquatch , Josh Morrissey 2 (Devin Shore 11, Brock Trotter 27) at 16:45
Penalties :
Brett Pesce (Gat) for Delaying the game (Minor) at 12:53, Corban Knight (Vic) for Hooking (Minor) at 17:39
3rd period
3. Demolitions , Spencer Machacek 42 (Erik Cole 33, Michael Latta 54) at 9:47
4. Demolitions , Michael Latta 21 (Cameron Schilling 34, Erik Cole 34) at 16:51 (PP)
Penalties :
Teemu Hartikainen (Gat) for Tripping (Minor) at 2:42, Brett Pesce (Gat) for Roughing (Minor) at 16:38
Goalie Stats
Corey Crawford (Gat), 17 saves from 20 shots - (0.850), L, 11-13-3, 60:00 minutes
Connor Hellebyuk (Vic), 35 saves from 36 shots - (0.972), W, 18-12-3, 60:00 minutes
Players Stats for Sasquatch
Player Name G A P +/- PIM S H SB GA TA FO MP PP MP PK MP
------------------------------------------------------------------------------------
Brett Pesce 0 0 0 1 4 0 1 0 0 0 0/0 15:33 0:00 0:00
Brock Trotter 0 1 1 1 0 3 0 0 0 0 0/1 15:16 1:35 0:41
David Desharnais 0 0 0 0 0 3 2 1 0 0 2/4 9:06 0:00 0:00
Devin Shore 0 1 1 1 0 2 2 0 0 0 3/8 14:39 1:35 0:25
Dougie Hamilton 0 0 0 0 0 1 4 2 0 1 0/0 24:11 2:47 2:20
Drew Shore 0 0 0 0 0 4 0 1 3 0 10/20 20:32 2:09 2:25
Jeff Skinner 0 0 0 0 0 2 3 0 1 1 2/3 17:49 2:09 0:00
Jesper Fast 0 0 0 0 0 4 1 1 1 0 1/2 17:58 2:09 0:00
Josh Morrissey 1 0 1 1 0 2 0 1 0 0 0/0 17:02 1:11 0:00
Martin Marincin 0 0 0 -1 0 2 0 0 0 0 0/1 17:57 0:00 1:59
Matt Halischuk 0 0 0 -1 0 2 1 0 0 0 0/0 16:00 1:49 0:00
Nicolas Deslauriers 0 0 0 0 0 4 2 1 0 0 0/0 11:49 0:14 2:27
Patrick Wey 0 0 0 0 0 2 2 1 1 0 0/0 24:07 2:47 2:20
Petr Straka 0 0 0 1 0 0 0 1 0 0 0/0 14:14 0:00 1:20
Sergey Kalinin 0 0 0 -1 2 0 3 0 0 1 4/11 15:13 0:14 0:43
Slava Voynov 0 0 0 -1 0 3 0 0 0 1 0/0 19:32 1:11 1:59
Sven Andrighetto 0 0 0 0 0 0 1 0 0 0 0/0 9:06 0:00 0:00
Teemu Hartikainen 0 0 0 -1 2 2 1 0 0 0 0/0 14:28 0:00 0:37
Players Stats for Demolitions
Player Name G A P +/- PIM S H SB GA TA FO MP PP MP PK MP
------------------------------------------------------------------------------------
Aaron Palushaj 0 0 0 -1 0 0 0 0 0 0 0/0 10:20 0:00 0:00
Alex Hutchings 0 0 0 0 0 0 0 0 0 0 0/0 2:17 0:13 0:11
Andrej Nestrasil 0 0 0 0 0 1 1 0 0 0 4/4 8:49 0:00 0:00
Billy Sweat 0 0 0 -1 0 1 1 0 1 0 0/0 10:20 0:00 0:00
Brandon McMillan 0 0 0 0 0 3 0 0 0 1 0/0 8:49 0:00 0:00
Cameron Schilling 0 2 2 0 0 3 1 2 1 1 0/0 24:50 2:51 2:14
Colton Sceviour 0 0 0 0 0 0 0 0 0 0 1/1 2:21 0:00 1:26
Corban Knight 0 0 0 0 4 0 2 0 0 1 4/9 16:20 2:01 0:00
Dennis Everberg 0 0 0 0 0 0 0 0 0 0 0/0 15:41 2:05 0:00
Derek Forbort 0 0 0 0 0 0 1 0 0 0 0/0 13:30 0:04 0:42
Erik Cole 0 2 2 1 0 0 3 0 0 0 6/10 22:33 2:18 2:32
JC Lipon 0 0 0 0 0 0 0 0 0 0 0/0 0:20 0:00 0:00
Joel Vermin 0 0 0 0 0 1 2 0 0 0 0/0 8:49 0:00 0:00
Jonathan Blum 0 0 0 0 0 1 0 4 2 0 0/0 26:30 2:47 3:16
Lane MacDermid 0 1 1 0 0 2 3 0 0 0 2/2 15:43 2:01 0:00
Michael Latta 1 1 2 1 0 2 0 0 0 2 10/22 21:38 2:18 1:15
Nick Shore 0 0 0 0 0 0 0 0 0 0 0/0 0:55 0:00 0:00
Phil McRae 0 0 0 -1 0 0 1 0 0 0 1/1 10:20 0:00 0:00
Robert Bortuzzo 0 0 0 0 0 0 2 2 0 0 0/0 17:21 0:00 0:00
Ryan Olsen 0 0 0 0 0 0 0 0 0 0 0/0 0:48 0:00 0:00
Seth Helgeson 0 0 0 0 0 1 3 7 0 0 0/0 22:42 1:28 1:44
Spencer Machacek 2 0 2 1 0 5 4 1 0 1 0/1 22:23 2:01 2:32
Taylor Aronson 0 0 0 0 0 0 1 0 0 0 0/0 12:41 1:28 0:00
3 Stars
1 - Spencer Machacek (Vic)
2 - Connor Hellebyuk (Vic)
3 - Michael Latta (Vic)
Power Play
Sasquatch - 0 on 2 Attempt(s) - 0.00%
Demolitions - 2 on 4 Attempt(s) - 50.00%
Penalty Kill
Sasquatch - 2 on 4 Attempt(s) - 50.00%
- Score 0 goal in Penalty Kill
Demolitions - 2 on 2 Attempt(s) - 100.00%
- Score 0 goal in Penalty Kill
Team Stat
Sasquatch - Hits : 23 - Faceoff Wins : 22 - Blocked Shots : 9 - Penalty Minutes : 8
Demolitions - Hits : 25 - Faceoff Wins : 28 - Blocked Shots : 16 - Penalty Minutes : 4
Official
Referees : Unknown
Linesman : Unknown
Game Notes
No Game Note
Finance
Level 1 -- Attendance: 1419 (70.95%) -- Ticket Income $36,894
Level 2 -- Attendance: 742 (74.20%) -- Ticket Income $6,678
Total Attendance: 2161 (72.03%)
Total Ticket Income: $43,572
Other Income: $2,179
Total Income: $45,751
Sasquatch
5 vs 5 Forward
Center Left Wing Right Wing Time % Phy DF OF
1 Drew Shore Jeff Skinner Jesper Fast 40 1 2 2
2 Sergey Kalinin Teemu Hartikainen Matt Halischuk 30 1 2 2
3 Devin Shore Brock Trotter Petr Straka 20 1 2 2
4 David Desharnais Nicolas Deslauriers Sven Andrighetto 10 1 2 2
5 vs 5 Defense
Defense Defense Time % Phy DF OF
1 Patrick Wey Dougie Hamilton 40 1 2 2
2 Martin Marincin Slava Voynov 30 1 2 2
3 Josh Morrissey Brett Pesce 20 1 2 2
4 Patrick Wey Dougie Hamilton 10 1 2 2
PowerPlay Forward
Center Left Wing Right Wing Time % Phy DF OF
1 Drew Shore Jeff Skinner Jesper Fast 60 1 2 2
2 Devin Shore Brock Trotter Matt Halischuk 40 1 2 2
PowerPlay Defense
Defense Defense Time % Phy DF OF
1 Patrick Wey Dougie Hamilton 60 1 2 2
2 Josh Morrissey Slava Voynov 40 1 2 2
Penalty Kill 4 Players Forward
Center Wing Time % Phy DF OF
1 Drew Shore Nicolas Deslauriers 60 1 2 2
2 Sergey Kalinin Teemu Hartikainen 40 1 2 2
Penalty Kill 4 Players Defense
Defense Defense Time % Phy DF OF
1 Patrick Wey Dougie Hamilton 60 1 2 2
2 Martin Marincin Slava Voynov 40 1 2 2
Penalty Kill - 3 Players Forward
Forward Time % Phy DF OF
1 Drew Shore 60 1 2 2
2 Sergey Kalinin 40 1 2 2
Penalty Kill - 3 Players Defense
Defense Defense Time % Phy DF OF
1 Patrick Wey Dougie Hamilton 60 1 2 2
2 Martin Marincin Slava Voynov 40 1 2 2
4 vs 4 Forward
Center Wing Time % Phy DF OF
1 Drew Shore Jeff Skinner 60 1 2 2
2 David Desharnais Jesper Fast 40 1 2 2
4 vs 4 Defense
Defense Defense Time % Phy DF OF
1 Patrick Wey Dougie Hamilton 60 1 2 2
2 Martin Marincin Slava Voynov 40 1 2 2
Last Minutes Offensive
Center Left Wing Right Wing Defense Defense
Drew Shore Jeff Skinner Matt Halischuk Patrick Wey Dougie Hamilton
Last Minutes Defensive
Center Left Wing Right Wing Defense Defense
Drew Shore Teemu Hartikainen Matt Halischuk Patrick Wey Dougie Hamilton
Goaltenders
Starting : Corey Crawford
Backup : Joonas Korpisalo
Extra Forwards
Normal : Sergey Kalinin, Devin Shore, Petr Straka - PP : Sergey Kalinin, Devin Shore - PK : Petr Straka
Extra Defensemen
Normal : Josh Morrissey, Brett Pesce, Martin Marincin - PP : Josh Morrissey - PK : Brett Pesce, Martin Marincin
Penalty Shots
Jeff Skinner, Devin Shore, Matt Halischuk, Petr Straka, Brock Trotter
Scratches
Ryan Dzingel (Healthy), T.J. Tynan (Healthy), Ty Rattie (Healthy), Andrew Campbell (Healthy), Cal Petersen (Healthy)
Demolitions
5 vs 5 Forward
Center Left Wing Right Wing Time % Phy DF OF
1 Michael Latta Erik Cole Spencer Machacek 60 0 0 5
2 Corban Knight Lane MacDermid Dennis Everberg 25 0 2 3
3 Phil McRae Billy Sweat Aaron Palushaj 10 0 3 2
4 Andrej Nestrasil Brandon McMillan Joel Vermin 5 0 3 2
5 vs 5 Defense
Defense Defense Time % Phy DF OF
1 Jonathan Blum Cameron Schilling 60 0 0 5
2 Seth Helgeson Robert Bortuzzo 25 0 2 3
3 Taylor Aronson Derek Forbort 10 0 3 2
4 Seth Helgeson Jonathan Blum 5 0 2 3
PowerPlay Forward
Center Left Wing Right Wing Time % Phy DF OF
1 Michael Latta Erik Cole Dennis Everberg 60 0 0 5
2 Corban Knight Lane MacDermid Spencer Machacek 40 0 0 5
PowerPlay Defense
Defense Defense Time % Phy DF OF
1 Jonathan Blum Cameron Schilling 60 0 0 5
2 Seth Helgeson Jonathan Blum 40 0 0 5
Penalty Kill 4 Players Forward
Center Wing Time % Phy DF OF
1 Erik Cole Spencer Machacek 60 1 2 2
2 Michael Latta Corban Knight 40 1 2 2
Penalty Kill 4 Players Defense
Defense Defense Time % Phy DF OF
1 Jonathan Blum Cameron Schilling 60 1 2 2
2 Seth Helgeson Jonathan Blum 40 1 2 2
Penalty Kill - 3 Players Forward
Forward Time % Phy DF OF
1 Erik Cole 60 1 2 2
2 Spencer Machacek 40 1 2 2
Penalty Kill - 3 Players Defense
Defense Defense Time % Phy DF OF
1 Jonathan Blum Cameron Schilling 60 1 2 2
2 Seth Helgeson Jonathan Blum 40 1 2 2
4 vs 4 Forward
Center Wing Time % Phy DF OF
1 Michael Latta Spencer Machacek 60 1 2 2
2 Corban Knight Dennis Everberg 40 1 2 2
4 vs 4 Defense
Defense Defense Time % Phy DF OF
1 Jonathan Blum Cameron Schilling 60 1 2 2
2 Seth Helgeson Jonathan Blum 40 1 2 2
Last Minutes Offensive
Center Left Wing Right Wing Defense Defense
Michael Latta Erik Cole Dennis Everberg Jonathan Blum Cameron Schilling
Last Minutes Defensive
Center Left Wing Right Wing Defense Defense
Michael Latta Erik Cole Spencer Machacek Jonathan Blum Cameron Schilling
Goaltenders
Starting : Connor Hellebyuk
Backup : Karri Ramo
Extra Forwards
Normal : Alex Hutchings, Nick Shore, Colton Sceviour - PP : Alex Hutchings, Nick Shore - PK : Colton Sceviour
Extra Defensemen
Normal : Taylor Aronson, Derek Forbort, Cameron Schilling - PP : Taylor Aronson - PK : Derek Forbort, Cameron Schilling
Penalty Shots
Erik Cole, Spencer Machacek, Michael Latta, Corban Knight, Lane MacDermid
Scratches
Thomas DiPauli (Healthy), Taylor Leier (Healthy), Nick Pryor (Healthy), Jake Paterson (Healthy)
% Time on Ice - Sasquatch
Lines # - Real PCT - Wanted PCT - Time Play
Normal Forward
1 - 31% - 40% - 16:14
2 - 29% - 30% - 14:57
3 - 23% - 20% - 11:48
4 - 17% - 10% - 8:44
Normal Defense
1 - 37% - 40% - 18:55
2 - 33% - 30% - 17:14
3 - 28% - 20% - 14:31
4 - 2% - 10% - 1:03
PP Forward
1 - 54% - 60% - 2:09
2 - 46% - 40% - 1:49
PP Defense
1 - 70% - 60% - 2:47
2 - 30% - 40% - 1:11
PK Forward
1 - 73% - 60% - 3:08
2 - 27% - 40% - 1:11
PK Defense
1 - 54% - 60% - 2:20
2 - 46% - 40% - 1:59
PK3 Forward
1 - 0% - 60%
2 - 0% - 40%
PK3 Defense
1 - 0% - 60%
2 - 0% - 40%
44 Forward
1 - 0% - 60%
2 - 0% - 40%
44 Defense
1 - 0% - 60%
2 - 0% - 40%
Last Minute Offensive - 0:00
Last Minute Defensive - 0:00
Total
Forward - 60:00
Defense - 60:00
|
% Time on Ice - Demolitions
Lines # - Real PCT - Wanted PCT - Time Play
Normal Forward
1 - 35% - 60% - 18:18
2 - 28% - 25% - 14:16
3 - 20% - 10% - 10:20
4 - 17% - 5% - 8:49
Normal Defense
1 - 42% - 60% - 21:54
2 - 37% - 25% - 19:04
3 - 19% - 10% - 10:01
4 - 1% - 5% - 0:44
PP Forward
1 - 53% - 60% - 2:18
2 - 47% - 40% - 2:01
PP Defense
1 - 68% - 60% - 2:55
2 - 32% - 40% - 1:24
PK Forward
1 - 68% - 60% - 2:43
2 - 32% - 40% - 1:15
PK Defense
1 - 56% - 60% - 2:14
2 - 44% - 40% - 1:44
PK3 Forward
1 - 0% - 60%
2 - 0% - 40%
PK3 Defense
1 - 0% - 60%
2 - 0% - 40%
44 Forward
1 - 0% - 60%
2 - 0% - 40%
44 Defense
1 - 0% - 60%
2 - 0% - 40%
Last Minute Offensive - 0:00
Last Minute Defensive - 0:00
Total
Forward - 60:00
Defense - 60:00
|
Play-by-Play
1st period
0:01 of 1st period - Drew Shore wins face-off versus Michael Latta in neutral zone.
0:27 of 1st period - Patrick Wey is hit by Lane MacDermid and loses puck.
0:38 of 1st period - Snap shot by Teemu Hartikainen.
0:38 of 1st period - Stopped by Connor Hellebyuk with a rebound.
1:14 of 1st period - Slapshot by Nicolas Deslauriers.
1:14 of 1st period - Stopped by Connor Hellebyuk with a rebound.
1:16 of 1st period - Backhand shot by Nicolas Deslauriers.
1:16 of 1st period - Shot Misses the Net.
1:18 of 1st period - Slapshot by Slava Voynov.
1:18 of 1st period - Deflect By Nicolas Deslauriers.
1:18 of 1st period - Stopped by Connor Hellebyuk without a rebound.
1:19 of 1st period - Drew Shore wins face-off versus Michael Latta in Demolitions zone.
1:22 of 1st period - Snap shot by Jesper Fast.
1:22 of 1st period - Shot Misses the Net.
1:32 of 1st period - Drew Shore is hit by Erik Cole and loses puck.
1:47 of 1st period - Snap shot by Teemu Hartikainen.
1:47 of 1st period - Stopped by Connor Hellebyuk without a rebound.
1:48 of 1st period - Sergey Kalinin wins face-off versus Corban Knight in Demolitions zone.
2:58 of 1st period - Slapshot by Cameron Schilling.
2:58 of 1st period - Shot Blocked by Josh Morrissey.
3:01 of 1st period - Icing by Nicolas Deslauriers.
3:02 of 1st period - David Desharnais wins face-off versus Michael Latta in Sasquatch zone.
3:02 of 1st period - David Desharnais is hit by Robert Bortuzzo.
3:51 of 1st period - Wrist shot by David Desharnais.
3:51 of 1st period - Shot Misses the Net.
3:53 of 1st period - Snap shot by Nicolas Deslauriers.
3:53 of 1st period - Stopped by Connor Hellebyuk with a rebound.
3:57 of 1st period - Wrist shot by David Desharnais.
3:57 of 1st period - Shot Blocked by Seth Helgeson.
3:59 of 1st period - Snap shot by Nicolas Deslauriers.
3:59 of 1st period - Stopped by Connor Hellebyuk without a rebound.
4:00 of 1st period - Corban Knight wins face-off versus Drew Shore in Demolitions zone.
4:02 of 1st period - Minor Penalty to Corban Knight for Holding.
4:03 of 1st period - Drew Shore wins face-off versus Erik Cole in Demolitions zone.
4:34 of 1st period - Icing by Matt Halischuk.
4:35 of 1st period - Michael Latta wins face-off versus Brock Trotter in Sasquatch zone.
5:22 of 1st period - Snap shot by Brock Trotter.
5:22 of 1st period - Shot Blocked by Jonathan Blum.
5:24 of 1st period - Slapshot by Brock Trotter.
5:24 of 1st period - Shot Misses the Net.
5:26 of 1st period - Slapshot by Patrick Wey.
5:26 of 1st period - Shot Blocked by Seth Helgeson.
5:28 of 1st period - Slapshot by Patrick Wey.
5:28 of 1st period - Stopped by Connor Hellebyuk with a rebound.
5:30 of 1st period - Wrist shot by Patrick Wey.
5:30 of 1st period - Stopped by Connor Hellebyuk without a rebound.
5:31 of 1st period - Erik Cole wins face-off versus Jesper Fast in Demolitions zone.
6:02 of 1st period - Penalty to Corban Knight is over, Corban Knight is back on ice.
6:14 of 1st period - Wrist shot by Corban Knight.
6:14 of 1st period - Shot Misses the Net.
6:16 of 1st period - Slapshot by Cameron Schilling.
6:16 of 1st period - Stopped by Corey Crawford with a rebound.
6:54 of 1st period - Brock Trotter is hit by Joel Vermin and loses puck.
7:33 of 1st period - Snap shot by Lane MacDermid.
7:33 of 1st period - Stopped by Corey Crawford with a rebound.
8:03 of 1st period - Dougie Hamilton is hit by Cameron Schilling and loses puck.
8:08 of 1st period - Snap shot by Brandon McMillan.
8:08 of 1st period - Shot Misses the Net.
8:10 of 1st period - Slapshot by Taylor Aronson.
8:10 of 1st period - Shot Misses the Net.
8:24 of 1st period - Derek Forbort is hit by Nicolas Deslauriers and loses puck.
8:28 of 1st period - Icing by Derek Forbort.
8:29 of 1st period - Michael Latta wins face-off versus David Desharnais in Demolitions zone.
8:53 of 1st period - Cameron Schilling is hit by Brett Pesce and loses puck.
9:12 of 1st period - Backhand shot by Jesper Fast.
9:12 of 1st period - Stopped by Connor Hellebyuk with a rebound.
9:37 of 1st period - Derek Forbort is hit by Dougie Hamilton and loses puck.
10:07 of 1st period - Minor Penalty to Sergey Kalinin for Hooking.
10:08 of 1st period - Drew Shore wins face-off versus Michael Latta in Sasquatch zone.
12:07 of 1st period - Penalty to Sergey Kalinin is over, Sergey Kalinin is back on ice.
12:11 of 1st period - Snap shot by Brock Trotter.
12:11 of 1st period - Stopped by Connor Hellebyuk with a rebound.
13:13 of 1st period - Brandon McMillan is hit by Sven Andrighetto and loses puck.
14:02 of 1st period - Dennis Everberg is hit by David Desharnais and loses puck.
14:36 of 1st period - Martin Marincin is hit by Andrej Nestrasil and loses puck.
14:54 of 1st period - Brock Trotter is hit by Erik Cole and loses puck.
15:05 of 1st period - Derek Forbort is hit by Sergey Kalinin and loses puck.
15:20 of 1st period - Jonathan Blum is hit by Patrick Wey and loses puck.
15:46 of 1st period - Jeff Skinner is hit by Seth Helgeson and loses puck.
15:53 of 1st period - Snap shot by Dennis Everberg.
15:53 of 1st period - Shot Misses the Net.
15:55 of 1st period - Slapshot by Dennis Everberg.
15:55 of 1st period - Shot Misses the Net.
16:23 of 1st period - Slapshot by Jesper Fast.
16:23 of 1st period - Deflect By Seth Helgeson.
16:23 of 1st period - Shot Misses the Net.
16:23 of 1st period - Puck is out of play.
16:24 of 1st period - Sergey Kalinin wins face-off versus Michael Latta in Demolitions zone.
16:35 of 1st period - Matt Halischuk is hit by Spencer Machacek and loses puck.
16:50 of 1st period - Patrick Wey is hit by Robert Bortuzzo and loses puck.
16:55 of 1st period - Snap shot by Andrej Nestrasil.
16:55 of 1st period - Stopped by Corey Crawford without a rebound.
16:56 of 1st period - Andrej Nestrasil wins face-off versus Devin Shore in Sasquatch zone.
16:57 of 1st period - Wrist shot by Brandon McMillan.
16:57 of 1st period - Stopped by Corey Crawford without a rebound.
16:58 of 1st period - Michael Latta wins face-off versus Devin Shore in Sasquatch zone.
17:09 of 1st period - Wrist shot by Michael Latta.
17:09 of 1st period - Shot Misses the Net.
17:23 of 1st period - Snap shot by Michael Latta.
17:23 of 1st period - Shot Misses the Net.
17:46 of 1st period - Snap shot by David Desharnais.
17:46 of 1st period - Stopped by Connor Hellebyuk without a rebound.
17:47 of 1st period - Andrej Nestrasil wins face-off versus David Desharnais in Demolitions zone.
17:47 of 1st period - Andrej Nestrasil is hit by Dougie Hamilton.
17:53 of 1st period - Slapshot by Cameron Schilling.
17:53 of 1st period - Shot Blocked by David Desharnais.
18:17 of 1st period - Snap shot by Spencer Machacek.
18:17 of 1st period - Shot Blocked by Patrick Wey.
18:19 of 1st period - Snap shot by Michael Latta.
18:19 of 1st period - Shot Misses the Net.
18:41 of 1st period - Slapshot by Jonathan Blum.
18:41 of 1st period - Stopped by Corey Crawford with a rebound.
19:07 of 1st period - Martin Marincin is hit by Billy Sweat and loses puck.
19:18 of 1st period - Wrist shot by Jesper Fast.
19:18 of 1st period - Shot Blocked by Seth Helgeson.
19:20 of 1st period - Slapshot by Slava Voynov.
19:20 of 1st period - Stopped by Connor Hellebyuk without a rebound.
19:21 of 1st period - Michael Latta wins face-off versus Drew Shore in Demolitions zone.
19:26 of 1st period - Wrist shot by Spencer Machacek.
19:26 of 1st period - Stopped by Corey Crawford without a rebound.
19:27 of 1st period - Jesper Fast wins face-off versus Michael Latta in Sasquatch zone.
19:27 of 1st period - Jesper Fast is hit by Seth Helgeson.
Goals for this period are 0 for Sasquatch vs 0 for Demolitions.
Shots for this period are 12 for Sasquatch vs 6 for Demolitions.
2nd period
0:01 of 2nd period - Jeff Skinner wins face-off versus Erik Cole in neutral zone.
0:34 of 2nd period - Wrist shot by Teemu Hartikainen.
0:34 of 2nd period - Deflect By Matt Halischuk.
0:34 of 2nd period - Shot Misses the Net.
0:34 of 2nd period - Puck is out of play.
0:35 of 2nd period - Michael Latta wins face-off versus Jeff Skinner in Demolitions zone.
0:35 of 2nd period - Michael Latta is hit by Jeff Skinner.
1:21 of 2nd period - Snap shot by Jesper Fast.
1:21 of 2nd period - Stopped by Connor Hellebyuk with a rebound.
1:23 of 2nd period - Slapshot by Martin Marincin.
1:23 of 2nd period - Shot Blocked by Seth Helgeson.
1:25 of 2nd period - Wrist shot by Jeff Skinner.
1:25 of 2nd period - Stopped by Connor Hellebyuk with a rebound.
1:27 of 2nd period - Snap shot by Drew Shore.
1:27 of 2nd period - Shot Misses the Net.
1:29 of 2nd period - Slapshot by Slava Voynov.
1:29 of 2nd period - Stopped by Connor Hellebyuk with a rebound.
1:43 of 2nd period - Snap shot by Spencer Machacek.
1:43 of 2nd period - Shot Misses the Net.
1:55 of 2nd period - Slapshot by Drew Shore.
1:55 of 2nd period - Stopped by Connor Hellebyuk with a rebound.
1:57 of 2nd period - Slapshot by Slava Voynov.
1:57 of 2nd period - Stopped by Connor Hellebyuk with a rebound.
1:59 of 2nd period - Snap shot by Martin Marincin.
1:59 of 2nd period - Shot Blocked by Seth Helgeson.
2:28 of 2nd period - Wrist shot by Drew Shore.
2:28 of 2nd period - Shot Misses the Net.
2:44 of 2nd period - Drew Shore is hit by Spencer Machacek and loses puck.
3:04 of 2nd period - Snap shot by Erik Cole.
3:04 of 2nd period - Shot Misses the Net.
3:22 of 2nd period - Snap shot by Drew Shore.
3:22 of 2nd period - Shot Misses the Net.
3:24 of 2nd period - Wrist shot by Jesper Fast.
3:24 of 2nd period - Deflect By Erik Cole.
3:24 of 2nd period - Stopped by Connor Hellebyuk with a rebound.
3:26 of 2nd period - Wrist shot by Drew Shore.
3:26 of 2nd period - Shot Misses the Net.
3:28 of 2nd period - Slapshot by Drew Shore.
3:28 of 2nd period - Shot Blocked by Robert Bortuzzo.
3:50 of 2nd period - Wrist shot by Drew Shore.
3:50 of 2nd period - Deflect By Jesper Fast.
3:50 of 2nd period - Shot Blocked by Seth Helgeson.
3:50 of 2nd period - Puck is out of play.
3:51 of 2nd period - Corban Knight wins face-off versus Sergey Kalinin in Demolitions zone.
4:04 of 2nd period - Snap shot by Lane MacDermid.
4:04 of 2nd period - Shot Misses the Net.
4:25 of 2nd period - Snap shot by Devin Shore.
4:25 of 2nd period - Stopped by Connor Hellebyuk with a rebound.
4:41 of 2nd period - Slapshot by Jonathan Blum.
4:41 of 2nd period - Shot Misses the Net.
4:43 of 2nd period - Slapshot by Cameron Schilling.
4:43 of 2nd period - Shot Misses the Net.
4:45 of 2nd period - Wrist shot by Joel Vermin.
4:45 of 2nd period - Stopped by Corey Crawford with a rebound.
5:05 of 2nd period - Snap shot by Teemu Hartikainen.
5:05 of 2nd period - Shot Misses the Net.
5:15 of 2nd period - Brock Trotter is hit by Phil McRae and loses puck.
6:01 of 2nd period - Phil McRae is hit by Devin Shore and loses puck.
6:16 of 2nd period - Corban Knight is hit by Patrick Wey and loses puck.
7:00 of 2nd period - Lane MacDermid is hit by Matt Halischuk and loses puck.
8:50 of 2nd period - Icing by Corban Knight.
8:51 of 2nd period - Andrej Nestrasil wins face-off versus Martin Marincin in Demolitions zone.
9:02 of 2nd period - Teemu Hartikainen is hit by Lane MacDermid and loses puck.
10:55 of 2nd period - Cameron Schilling is hit by Nicolas Deslauriers and loses puck.
12:45 of 2nd period - Michael Latta is hit by Teemu Hartikainen.
12:53 of 2nd period - Minor Penalty to Brett Pesce for Delaying the game.
12:54 of 2nd period - Lane MacDermid wins face-off versus Drew Shore in Sasquatch zone.
12:57 of 2nd period - Snap shot by Spencer Machacek.
12:57 of 2nd period - Shot Blocked by Drew Shore.
12:59 of 2nd period - Wrist shot by Cameron Schilling.
12:59 of 2nd period - Shot Blocked by Dougie Hamilton.
13:01 of 2nd period - Slapshot by Spencer Machacek.
13:01 of 2nd period - Goal by Spencer Machacek - Sasquatch : 0 - Demolitions : 1.
13:02 of 2nd period - Drew Shore wins face-off versus Spencer Machacek in neutral zone.
13:05 of 2nd period - Cameron Schilling is hit by Jesper Fast.
13:29 of 2nd period - Wrist shot by Sergey Kalinin.
13:29 of 2nd period - Shot Blocked by Jonathan Blum.
13:31 of 2nd period - Slapshot by Slava Voynov.
13:31 of 2nd period - Shot Misses the Net.
13:49 of 2nd period - Snap shot by Nicolas Deslauriers.
13:49 of 2nd period - Shot Misses the Net.
13:51 of 2nd period - Wrist shot by Nicolas Deslauriers.
13:51 of 2nd period - Shot Misses the Net.
13:53 of 2nd period - Slapshot by Josh Morrissey.
13:53 of 2nd period - Shot Misses the Net.
13:57 of 2nd period - Slapshot by David Desharnais.
13:57 of 2nd period - Stopped by Connor Hellebyuk with a rebound.
14:30 of 2nd period - Wrist shot by Brandon McMillan.
14:30 of 2nd period - Stopped by Corey Crawford with a rebound.
15:36 of 2nd period - Snap shot by Aaron Palushaj.
15:36 of 2nd period - Shot Misses the Net.
16:30 of 2nd period - Brett Pesce is hit by Seth Helgeson and loses puck.
16:41 of 2nd period - Snap shot by Devin Shore.
16:41 of 2nd period - Stopped by Connor Hellebyuk with a rebound.
16:43 of 2nd period - Slapshot by Josh Morrissey.
16:43 of 2nd period - Stopped by Connor Hellebyuk with a rebound.
16:45 of 2nd period - Slapshot by Josh Morrissey.
16:45 of 2nd period - Deflect By Billy Sweat.
16:45 of 2nd period - Goal by Josh Morrissey - Sasquatch : 1 - Demolitions : 1.
16:46 of 2nd period - Drew Shore wins face-off versus Michael Latta in neutral zone.
16:49 of 2nd period - Wrist shot by Jesper Fast.
16:49 of 2nd period - Shot Misses the Net.
16:59 of 2nd period - Wrist shot by Drew Shore.
16:59 of 2nd period - Stopped by Connor Hellebyuk with a rebound.
17:01 of 2nd period - Slapshot by Patrick Wey.
17:01 of 2nd period - Deflect By Jesper Fast.
17:01 of 2nd period - Shot Blocked by Cameron Schilling.
17:01 of 2nd period - Puck is out of play.
17:02 of 2nd period - Sergey Kalinin wins face-off versus Michael Latta in Demolitions zone.
17:03 of 2nd period - Snap shot by Dougie Hamilton.
17:03 of 2nd period - Stopped by Connor Hellebyuk without a rebound.
17:04 of 2nd period - Erik Cole wins face-off versus Sergey Kalinin in Demolitions zone.
17:30 of 2nd period - Jonathan Blum is hit by Jeff Skinner.
17:39 of 2nd period - Minor Penalty to Corban Knight for Hooking.
17:40 of 2nd period - Drew Shore wins face-off versus Erik Cole in Demolitions zone.
17:46 of 2nd period - Snap shot by Drew Shore.
17:46 of 2nd period - Shot Blocked by Cameron Schilling.
17:48 of 2nd period - Slapshot by Patrick Wey.
17:48 of 2nd period - Shot Misses the Net.
17:50 of 2nd period - Slapshot by Patrick Wey.
17:50 of 2nd period - Shot Blocked by Spencer Machacek.
18:30 of 2nd period - Slapshot by Jonathan Blum.
18:30 of 2nd period - Shot Misses the Net.
18:35 of 2nd period - Icing by Nicolas Deslauriers.
18:36 of 2nd period - Colton Sceviour wins face-off versus Sergey Kalinin in Sasquatch zone.
18:37 of 2nd period - Slapshot by Seth Helgeson.
18:37 of 2nd period - Stopped by Corey Crawford without a rebound.
18:38 of 2nd period - Erik Cole wins face-off versus Devin Shore in Sasquatch zone.
18:39 of 2nd period - Snap shot by Spencer Machacek.
18:39 of 2nd period - Stopped by Corey Crawford without a rebound.
18:40 of 2nd period - Devin Shore wins face-off versus Erik Cole in Sasquatch zone.
18:45 of 2nd period - Wrist shot by Matt Halischuk.
18:45 of 2nd period - Stopped by Connor Hellebyuk without a rebound.
18:46 of 2nd period - Erik Cole wins face-off versus Devin Shore in Demolitions zone.
18:54 of 2nd period - Spencer Machacek is hit by Devin Shore and loses puck.
19:17 of 2nd period - Snap shot by Drew Shore.
19:17 of 2nd period - Deflect By Jesper Fast.
19:17 of 2nd period - Shot Blocked by Seth Helgeson.
19:17 of 2nd period - Puck is out of play.
19:18 of 2nd period - Erik Cole wins face-off versus Drew Shore in Demolitions zone.
19:29 of 2nd period - Slapshot by Drew Shore.
19:29 of 2nd period - Stopped by Connor Hellebyuk with a rebound.
19:39 of 2nd period - Penalty to Corban Knight is over, Corban Knight is back on ice.
19:43 of 2nd period - Snap shot by Brock Trotter.
19:43 of 2nd period - Shot Hit the Post.
19:45 of 2nd period - Wrist shot by Matt Halischuk.
19:45 of 2nd period - Stopped by Connor Hellebyuk with a rebound.
19:47 of 2nd period - Wrist shot by Devin Shore.
19:47 of 2nd period - Shot Misses the Net.
Goals for this period are 1 for Sasquatch vs 1 for Demolitions.
Shots for this period are 16 for Sasquatch vs 5 for Demolitions.
3rd period
0:01 of 3rd period - Erik Cole wins face-off versus Drew Shore in neutral zone.
0:08 of 3rd period - Backhand shot by Michael Latta.
0:08 of 3rd period - Shot Misses the Net.
0:16 of 3rd period - Snap shot by Jeff Skinner.
0:16 of 3rd period - Stopped by Connor Hellebyuk without a rebound.
0:17 of 3rd period - Michael Latta wins face-off versus Sergey Kalinin in Demolitions zone.
0:45 of 3rd period - Slapshot by Cameron Schilling.
0:45 of 3rd period - Shot Blocked by Jesper Fast.
1:03 of 3rd period - Wrist shot by Brock Trotter.
1:03 of 3rd period - Shot Blocked by Jonathan Blum.
1:05 of 3rd period - Wrist shot by Brock Trotter.
1:05 of 3rd period - Shot Blocked by Jonathan Blum.
1:07 of 3rd period - Slapshot by Martin Marincin.
1:07 of 3rd period - Stopped by Connor Hellebyuk without a rebound.
1:08 of 3rd period - Andrej Nestrasil wins face-off versus Sergey Kalinin in Demolitions zone.
1:21 of 3rd period - Wrist shot by Matt Halischuk.
1:21 of 3rd period - Shot Hit the Post.
1:23 of 3rd period - Snap shot by Martin Marincin.
1:23 of 3rd period - Stopped by Connor Hellebyuk with a rebound.
1:35 of 3rd period - Martin Marincin is hit by Derek Forbort and loses puck.
1:44 of 3rd period - Snap shot by Spencer Machacek.
1:44 of 3rd period - Shot Misses the Net.
2:17 of 3rd period - Slapshot by Slava Voynov.
2:17 of 3rd period - Deflect By Drew Shore.
2:17 of 3rd period - Stopped by Connor Hellebyuk without a rebound.
2:18 of 3rd period - Corban Knight wins face-off versus Sergey Kalinin in Demolitions zone.
2:18 of 3rd period - Corban Knight is hit by Dougie Hamilton.
2:42 of 3rd period - Minor Penalty to Teemu Hartikainen for Tripping.
2:43 of 3rd period - Drew Shore wins face-off versus Michael Latta in Sasquatch zone.
3:08 of 3rd period - Drew Shore is hit by Corban Knight and loses puck.
3:58 of 3rd period - Icing by Spencer Machacek.
3:59 of 3rd period - Lane MacDermid wins face-off versus Drew Shore in Demolitions zone.
4:42 of 3rd period - Penalty to Teemu Hartikainen is over, Teemu Hartikainen is back on ice.
5:30 of 3rd period - Icing by Michael Latta.
5:31 of 3rd period - Sergey Kalinin wins face-off versus Michael Latta in Demolitions zone.
5:55 of 3rd period - Lane MacDermid is hit by David Desharnais and loses puck.
6:12 of 3rd period - Martin Marincin is hit by Taylor Aronson and loses puck.
6:21 of 3rd period - Snap shot by Aaron Palushaj.
6:21 of 3rd period - Shot Misses the Net.
6:23 of 3rd period - Wrist shot by Phil McRae.
6:23 of 3rd period - Shot Misses the Net.
6:43 of 3rd period - Brett Pesce is hit by Spencer Machacek and loses puck.
6:50 of 3rd period - Teemu Hartikainen is hit by Spencer Machacek and loses puck.
6:59 of 3rd period - Erik Cole is hit by Sergey Kalinin and loses puck.
7:28 of 3rd period - Erik Cole is hit by Sergey Kalinin and loses puck.
7:37 of 3rd period - Slapshot by Spencer Machacek.
7:37 of 3rd period - Stopped by Corey Crawford with a rebound.
7:39 of 3rd period - Slapshot by Cameron Schilling.
7:39 of 3rd period - Stopped by Corey Crawford without a rebound.
7:40 of 3rd period - Drew Shore wins face-off versus Corban Knight in Sasquatch zone.
7:49 of 3rd period - Snap shot by Drew Shore.
7:49 of 3rd period - Shot Misses the Net.
8:16 of 3rd period - Snap shot by Billy Sweat.
8:16 of 3rd period - Stopped by Corey Crawford with a rebound.
8:18 of 3rd period - Wrist shot by Billy Sweat.
8:18 of 3rd period - Shot Blocked by Petr Straka.
8:34 of 3rd period - Slapshot by Taylor Aronson.
8:34 of 3rd period - Deflect By Brandon McMillan.
8:34 of 3rd period - Stopped by Corey Crawford without a rebound.
8:35 of 3rd period - David Desharnais wins face-off versus Corban Knight in Sasquatch zone.
8:46 of 3rd period - David Desharnais is hit by Corban Knight and loses puck.
9:09 of 3rd period - Wrist shot by Drew Shore.
9:09 of 3rd period - Shot Misses the Net.
9:45 of 3rd period - Wrist shot by Erik Cole.
9:45 of 3rd period - Shot Hit the Post.
9:47 of 3rd period - Wrist shot by Spencer Machacek.
9:47 of 3rd period - Goal by Spencer Machacek - Sasquatch : 1 - Demolitions : 2.
9:48 of 3rd period - Drew Shore wins face-off versus Michael Latta in neutral zone.
10:13 of 3rd period - Teemu Hartikainen is hit by Lane MacDermid and loses puck.
10:29 of 3rd period - Icing by Jonathan Blum.
10:30 of 3rd period - Phil McRae wins face-off versus Devin Shore in Demolitions zone.
10:55 of 3rd period - Seth Helgeson is hit by Dougie Hamilton and loses puck.
11:00 of 3rd period - Snap shot by Drew Shore.
11:00 of 3rd period - Shot Blocked by Robert Bortuzzo.
11:53 of 3rd period - Nicolas Deslauriers is hit by Joel Vermin and loses puck.
13:02 of 3rd period - Snap shot by David Desharnais.
13:02 of 3rd period - Stopped by Connor Hellebyuk without a rebound.
13:03 of 3rd period - Jeff Skinner wins face-off versus Michael Latta in Demolitions zone.
13:10 of 3rd period - Wrist shot by Jesper Fast.
13:10 of 3rd period - Stopped by Connor Hellebyuk with a rebound.
14:13 of 3rd period - Off-side.
14:14 of 3rd period - Michael Latta wins face-off versus Drew Shore in neutral zone.
14:27 of 3rd period - Drew Shore is hit by Erik Cole.
14:39 of 3rd period - Wrist shot by Brock Trotter.
14:39 of 3rd period - Shot Misses the Net.
14:41 of 3rd period - Wrist shot by Brock Trotter.
14:41 of 3rd period - Stopped by Connor Hellebyuk without a rebound.
14:42 of 3rd period - Devin Shore wins face-off versus Corban Knight in Demolitions zone.
14:43 of 3rd period - Snap shot by Brock Trotter.
14:43 of 3rd period - Stopped by Connor Hellebyuk with a rebound.
14:54 of 3rd period - Icing by Seth Helgeson.
14:55 of 3rd period - Corban Knight wins face-off versus Drew Shore in Demolitions zone.
14:55 of 3rd period - Corban Knight is hit by Jeff Skinner.
15:01 of 3rd period - Wrist shot by Lane MacDermid.
15:01 of 3rd period - Stopped by Corey Crawford with a rebound.
16:33 of 3rd period - Off-side.
16:34 of 3rd period - Michael Latta wins face-off versus Sergey Kalinin in neutral zone.
16:38 of 3rd period - Minor Penalty to Brett Pesce for Roughing.
16:39 of 3rd period - Michael Latta wins face-off versus Drew Shore in Sasquatch zone.
16:41 of 3rd period - Snap shot by Michael Latta.
16:41 of 3rd period - Stopped by Corey Crawford with a rebound.
16:43 of 3rd period - Snap shot by Michael Latta.
16:43 of 3rd period - Shot Misses the Net.
16:45 of 3rd period - Snap shot by Erik Cole.
16:45 of 3rd period - Shot Blocked by Dougie Hamilton.
16:47 of 3rd period - Wrist shot by Erik Cole.
16:47 of 3rd period - Shot Blocked by Nicolas Deslauriers.
16:49 of 3rd period - Slapshot by Cameron Schilling.
16:49 of 3rd period - Deflect By Drew Shore.
16:49 of 3rd period - Stopped by Corey Crawford with a rebound.
16:51 of 3rd period - Wrist shot by Cameron Schilling.
16:51 of 3rd period - Deflect By Michael Latta.
16:51 of 3rd period - Goal by Michael Latta - Sasquatch : 1 - Demolitions : 3.
16:52 of 3rd period - Michael Latta wins face-off versus Drew Shore in neutral zone.
17:14 of 3rd period - Icing by Jonathan Blum.
17:15 of 3rd period - Devin Shore wins face-off versus Corban Knight in Demolitions zone.
Goals for this period are 0 for Sasquatch vs 2 for Demolitions.
Shots for this period are 8 for Sasquatch vs 9 for Demolitions.
Back to the Top